Map: Thunderbird LE

Players

soul

  • Race: Terran Terran
  • League: Grandmaster
  • Spawn Location: 11:00

Clem - Winner!

  • Race: Terran Terran
  • League: Master
  • Spawn Location: 5:00

Event: NationWars 2019

VOD

Have the link to the VOD?

Description

Time

  • Played on: Nov. 14, 2019, 11:59 a.m.
  • Length: 7:43
Show
View Real Time Build Order
Export as new Build Order

soul Terran 

Build Orders: Reaper Expand 

Get SALT Encoding   

  12  0:00  SCV  
  13  0:12  SCV  
  14  0:17  Supply Depot  
  14  0:25  SCV  
  15  0:38  SCV  
  15  0:40  Barracks  
  16  0:44  Refinery  
  16  0:50  SCV  
  17  1:02  SCV  
  18  1:15  SCV  
  19  1:28  Orbital Command, Reaper  
  20  1:40  Command Center  
  20  1:52  Supply Depot  
  20  1:54  SCV  
  20  1:59  Marine  
  22  2:06  SCV  
  22  2:07  Factory  
  23  2:18  SCV  
  23  2:21  Barracks Reactor  
  24  2:30  SCV  
  24  2:37  Command Center  
  25  2:42  SCV  
  26  2:46  Refinery  
  26  2:51  Orbital Command  
  26  2:56  SCV  
  26  2:58  Marine x2  
  29  3:08  SCV  
  27  3:14  Factory Tech Lab  
  27  3:16  Marine x2  
  28  3:21  SCV  
  28  3:32  Cyclone  
  28  3:33  SCV, Marine  
  33  3:36  Marine  
  35  3:46  Starport  
  35  3:47  SCV x2  
  36  3:52  Orbital Command  
  36  3:54  Marine  
  37  3:59  SCV  
  37  4:00  SCV  
  36  4:11  SCV  
  36  4:12  SCV  
  36  4:13  Siege Tank  
  41  4:19  SCV  
  41  4:23  SCV  
  43  4:24  SCV  
  43  4:25  Bunker, Marine  
  45  4:31  SCV  
  45  4:35  SCV, Starport Tech Lab  
  45  4:36  SCV  
  48  4:38  Barracks  
  48  4:43  SCV, Refinery  
  48  4:44  Barracks  
  49  4:47  SCV, Refinery  
  49  4:49  SCV  
  51  4:55  Raven, SCV, Supply Depot  
  51  4:59  SCV  
  56  5:02  SCV  
  60  5:11  SCV  
  60  5:12  Orbital Command  
  60  5:14  SCV  
  58  5:17  Factory Tech Lab, Engineering Bay  
  58  5:18  Stimpack, Marine  
  58  5:19  Engineering Bay  
  59  5:22  Supply Depot  
  59  5:23  SCV, Supply Depot  
  59  5:26  SCV  
  61  5:30  Barracks Reactor  
  61  5:32  Barracks Reactor  
  61  5:33  Supply Depot  
  61  5:35  SCV  
  61  5:37  Siege Tank, Marine  
  61  5:38  SCV  
  61  5:42  SCV  
  68  5:48  Bunker, SCV  
  69  5:50  SCV  
  69  5:52  Viking  
  69  5:53  Viking  
  69  5:54  SCV  
  75  6:00  SCV  
  75  6:02  SCV  
  77  6:04  Marine  
  77  6:06  SCV  
  79  6:12  SCV  
  79  6:13  Marine x3  
  79  6:14  SCV, Marine  
  79  6:18  SCV  
  86  6:19  Supply Depot x2  
  86  6:24  SCV  
  86  6:26  SCV  
  86  6:30  SCV  
  86  6:31  Marine x3  
  86  6:32  Viking  
  92  6:34  Viking  
  92  6:36  SCV  
  93  6:40  Marine x2  
  93  6:41  SCV  
  93  6:42  SCV, Siege Tank  
  93  6:43  Supply Depot  
  93  6:44  Supply Depot  
  100  6:48  SCV  
  100  6:49  Marine x2  
  100  6:53  SCV  
  104  6:55  Marine  
  104  6:56  SCV  
  104  6:58  Marine x2  
  84  7:07  Marine x2  
  72  7:09  Barracks  
  72  7:10  Barracks  
  72  7:13  Marine  
  75  7:16  Marine x2  
  73  7:24  Marine  
Show
View Real Time Build Order
Export as new Build Order

Clem Terran - Winner!

Build Orders: Gas First Reaper Expand 

Get SALT Encoding   

  12  0:00  SCV  
  13  0:12  SCV  
  14  0:17  Supply Depot  
  14  0:24  SCV  
  15  0:30  Refinery  
  15  0:38  SCV  
  16  0:43  Barracks  
  16  0:50  SCV  
  17  1:02  SCV  
  18  1:14  SCV  
  19  1:30  Orbital Command, Reaper  
  20  1:43  Command Center  
  20  1:54  Factory  
  20  1:58  SCV  
  21  2:06  Reaper  
  22  2:10  Supply Depot  
  22  2:11  SCV  
  23  2:17  Refinery  
  23  2:31  SCV  
  24  2:38  Barracks Reactor, Hellion  
  24  2:43  SCV  
  27  2:52  Starport  
  27  2:54  Orbital Command  
  27  2:55  SCV  
  28  3:00  Hellion  
  30  3:07  SCV  
  31  3:19  Marine x2  
  31  3:21  Factory Tech Lab  
  31  3:23  SCV  
  33  3:27  SCV  
  33  3:29  Starport Tech Lab  
  34  3:35  SCV  
  34  3:37  Marine x2, Refinery  
  34  3:40  Cyclone  
  41  3:41  SCV  
  41  3:44  Supply Depot  
  41  3:51  SCV  
  41  3:55  Marine x2  
  43  3:57  Raven  
  46  4:06  SCV x2  
  48  4:13  Marine x2  
  48  4:14  Siege Tank  
  51  4:18  SCV x2  
  53  4:27  Command Center  
  53  4:31  Marine  
  54  4:33  Supply Depot  
  54  4:38  Supply Depot  
  54  4:55  SCV x2, Viking, Siege Tank  
  54  4:56  Supply Depot  
  54  4:59  Viking  
  63  5:00  Stimpack, Marine  
  64  5:07  SCV x2, Supply Depot  
  66  5:19  SCV  
  68  5:24  Barracks, Marine  
  68  5:25  Viking  
  68  5:27  Barracks  
  71  5:30  Siege Tank  
  71  5:35  Viking  
  75  5:38  Liberator, SCV  
  75  5:39  Supply Depot  
  75  5:41  Orbital Command  
  76  5:46  Marine  
  76  5:47  SCV  
  78  5:50  SCV  
  78  5:55  Refinery  
  82  5:59  SCV  
  82  6:01  Supply Depot  
  82  6:02  SCV  
  82  6:03  Marine  
  85  6:06  Orbital Command, Viking  
  85  6:11  SCV  
  88  6:14  SCV, Supply Depot  
  88  6:15  Barracks Reactor x2  
  89  6:24  SCV  
  90  6:25  Engineering Bay  
  90  6:27  Engineering Bay  
  90  6:31  Marine  
  90  6:32  SCV  
  91  6:36  Siege Tank  
  94  6:42  Viking x2  
  94  6:45  SCV x2  
  94  6:46  SCV  
  101  6:49  Marine  
  102  6:57  SCV x2  
  102  6:58  SCV, Marine x2  
  102  7:01  Marine  
  97  7:04  Marine  
  93  7:09  SCV x2  
  93  7:11  Siege Tank  
  93  7:13  Marine  
  99  7:16  Marine  
  99  7:17  SCV  
  99  7:21  Marine x2  
  102  7:25  SCV  
  102  7:28  SCV  
  104  7:35  Supply Depot  
Tags
 
Add a new tag
Caveats
  • Supply blocks, unpowered buildings, or Contaminate may cause inaccurate times.
  • Supply counts are checked every 10 seconds.